Map: Oceanborn LE

Players

OldGamer - Winner!

  • Race: Terran Terran
  • League: Platinum
  • Spawn Location: 5:00

YankYank

  • Race: Zerg Zerg
  • League: Platinum
  • Spawn Location: 11:00

VOD

Have the link to the VOD?

Description

Terran vs Zerg good game a lot of harassment

Time

  • Played on: Jan. 8, 2024, 7:50 a.m.
  • Length: 11:10
Show
View Real Time Build Order
Export as new Build Order

OldGamer Terran - Winner!

Build Orders:  

Get SALT Encoding   

  12  0:00  SCV  
  13  0:12  SCV  
  14  0:17  Supply Depot  
  14  0:24  SCV  
  15  0:38  SCV  
  15  0:39  Barracks  
  16  0:44  Refinery  
  16  0:50  SCV  
  17  1:02  SCV  
  18  1:15  SCV  
  19  1:27  SCV  
  20  1:32  Reaper  
  20  1:37  Command Center  
  20  1:39  SCV  
  22  1:43  Supply Depot  
  22  1:52  Orbital Command  
  22  2:04  Marine  
  22  2:07  Factory  
  23  2:20  SCV  
  23  2:22  Marine  
  25  2:24  Refinery  
  25  2:33  SCV  
  26  2:40  Marine  
  27  2:54  Widow Mine  
  27  2:56  Starport  
  27  2:57  Barracks, SCV  
  27  2:58  Marine  
  31  3:09  SCV  
  32  3:14  Bunker  
  32  3:16  Marine  
  32  3:19  Widow Mine  
  35  3:25  SCV  
  36  3:32  Orbital Command  
  36  3:35  Medivac  
  36  3:41  Widow Mine, Engineering Bay  
  40  3:44  Supply Depot  
  40  3:45  Barracks Reactor  
  40  3:57  SCV x2  
  40  4:02  Factory Tech Lab  
  42  4:24  Refinery  
  42  4:27  Siege Tank  
  42  4:28  Command Center  
  42  4:29  Barracks  
  45  4:36  SCV x2  
  47  4:45  Marine x2  
  49  4:48  SCV x2  
  51  4:56  Liberator  
  54  5:09  Supply Depot  
  54  5:13  Barracks Tech Lab  
  54  5:14  Barracks Reactor  
  54  5:30  Siege Tank, Liberator  
  54  5:32  Supply Depot  
  60  5:39  Stimpack  
  60  5:40  Barracks Reactor  
  60  5:48  SCV x2  
  60  5:49  Refinery  
  63  5:52  Orbital Command  
  63  5:54  Marine x3  
  63  5:55  Supply Depot  
  65  6:00  SCV  
  65  6:02  Missile Turret  
  66  6:06  SCV  
  67  6:12  SCV, Marine x2  
  67  6:14  Medivac x2  
  74  6:18  Missile Turret, SCV  
  74  6:23  SCV  
  74  6:24  SCV  
  77  6:33  SCV  
  77  6:35  SCV  
  77  6:36  SCV  
  77  6:37  Marine x2  
  77  6:38  Marine  
  83  6:45  SCV  
  84  6:47  SCV  
  84  6:48  Marine x2  
  83  7:16  Orbital Command  
  83  7:19  Combat Shield  
  83  7:20  Supply Depot  
  73  7:23  Supply Depot  
  73  7:24  Barracks  
  73  7:25  Barracks  
  73  7:27  Marine  
  73  7:28  Marine x4  
  73  7:29  Medivac x2  
  82  7:31  Terran Infantry Weapons Level 1  
  82  7:44  Engineering Bay  
  82  7:45  Marine  
  82  7:47  Armory  
  82  7:50  Siege Tank  
  82  7:51  Command Center  
  86  8:14  SCV x2  
  86  8:15  Marine x4  
  86  8:18  Marine x3  
  95  8:22  Siege Tank  
  95  8:24  Liberator x2  
  104  8:32  Marine  
  104  8:33  Marine x2  
  104  8:34  Terran Infantry Armor Level 1  
  107  8:38  Concussive Shells  
  107  8:41  Missile Turret  
  107  8:42  Marine x2  
  107  8:47  Marine  
  109  8:52  Marauder  
  109  9:02  Siege Tank  
  110  9:06  Liberator  
  113  9:19  Marine x4  
  117  9:24  Refinery  
  117  9:26  Refinery  
  117  9:27  Marine x2  
  117  9:28  Marauder  
  121  9:32  Supply Depot x2  
  121  9:34  Siege Tank  
  121  9:37  Marine x3  
  114  9:49  Marauder  
  114  9:50  Marine x3  
  114  9:53  SCV  
  114  9:54  Marine, SCV x2  
  114  9:57  Supply Depot  
  118  10:01  Medivac  
  118  10:02  Medivac  
  118  10:05  SCV  
  118  10:06  SCV x3  
  126  10:10  Marauder  
  128  10:19  Barracks Reactor  
  128  10:20  Barracks Reactor  
  128  10:25  Planetary Fortress  
  128  10:31  Medivac  
  128  10:32  Marauder, Medivac  
  128  10:33  Marine  
  128  10:34  Marine x2  
  137  10:41  Marine  
  138  10:51  Marine x2  
  150  11:09  Missile Turret  
Show
View Real Time Build Order
Export as new Build Order

YankYank Zerg 

Build Orders: Hatch First 

Get SALT Encoding   

  12  0:03  Drone  
  13  0:12  Drone  
  14  0:36  Hatchery  
  14  0:39  Drone  
  14  0:50  Extractor  
  14  0:51  Extractor, Drone x2  
  14  0:56  Overlord  
  16  1:14  Drone, Spawning Pool  
  16  1:17  Drone  
  17  1:24  Drone  
  18  1:31  Extractor  
  17  1:34  Drone  
  18  1:45  Drone  
  19  1:51  Drone  
  20  2:10  Queen x2  
  20  2:12  Hatchery  
  23  2:16  Drone  
  23  2:17  Drone  
  25  2:24  Overlord  
  25  2:30  Overlord  
  25  2:35  Spore Crawler  
  24  2:43  Drone  
  28  2:44  Drone x3  
  28  2:58  Drone x4  
  32  3:11  Queen  
  34  3:12  Queen  
  36  3:24  Metabolic Boost  
  36  3:26  Drone x4  
  40  3:30  Drone  
  40  3:31  Drone  
  40  3:32  Drone  
  43  3:41  Drone  
  44  3:49  Lair  
  44  3:52  Queen  
  46  3:56  Drone x4  
  46  4:01  Baneling Nest  
  49  4:03  Drone  
  49  4:04  Extractor, Overlord  
  49  4:05  Drone  
  50  4:12  Overlord  
  50  4:19  Overlord  
  50  4:22  Queen  
  52  4:24  Drone x2  
  52  4:27  Extractor x2  
  52  4:28  Drone x3  
  55  4:31  Drone x2  
  55  4:32  Drone x3  
  55  4:33  Drone  
  55  4:36  Queen  
  63  4:39  Overlord  
  63  4:53  Centrifugal Hooks  
  63  4:54  Zergling x14  
  63  4:55  Zergling x2  
  71  5:05  Drone  
  71  5:06  Drone x2  
  74  5:07  Queen  
  74  5:08  Hydralisk Den  
  75  5:18  Queen  
  77  5:27  Overseer  
  69  5:30  Drone x3  
  69  5:31  Drone x3  
  69  5:33  Spore Crawler  
  69  5:34  Drone x3  
  77  5:41  Spore Crawler  
  76  5:45  Spore Crawler  
  76  5:46  Drone  
  76  5:49  Overlord  
  76  5:57  Drone x2  
  76  5:58  Drone, Extractor x2  
  76  5:59  Drone x3  
  76  6:00  Drone x2  
  76  6:01  Overlord  
  76  6:02  Muscular Augments  
  82  6:06  Overseer  
  82  6:25  Overlord  
  78  6:30  Overlord  
  78  6:33  Drone x2  
  78  6:35  Lurker Den  
  78  6:38  Drone x2  
  81  6:40  Drone  
  81  6:42  Drone x5, Spire  
  81  6:43  Drone x3  
  89  6:54  Hatchery  
  85  7:06  Grooved Spines  
  74  7:26  Queen  
  76  7:46  Spore Crawler  
  76  7:49  Spore Crawler  
  74  7:52  Spore Crawler  
  74  7:56  Pneumatized Carapace  
  74  7:58  Drone x2  
  75  8:00  Infestation Pit  
  75  8:03  Drone x3  
  75  8:04  Drone  
  78  8:06  Drone x3  
  78  8:07  Evolution Chamber x2  
  78  8:08  Drone x6, Queen  
  87  8:30  Zergling x10  
  87  8:31  Zergling x22  
  103  8:44  Spore Crawler  
  77  8:59  Zergling x2  
  77  9:00  Zergling x40  
  84  9:12  Zergling x2  
  84  9:13  Zergling x6  
  84  9:15  Overlord x2  
  84  9:16  Zerg Melee Weapons Level 1  
  88  9:22  Lair  
  88  9:26  Overlord  
  88  9:27  Overlord x2  
  77  9:39  Zergling x6  
  80  9:49  Queen x2  
  84  9:55  Extractor  
  84  9:57  Extractor, Drone x2, Hatchery  
  83  10:18  Drone x2  
  83  10:19  Drone  
  86  10:22  Mutalisk x12  
  86  10:27  Overlord x3  
  110  10:33  Overlord  
  110  10:40  Overlord x2  
  110  10:46  Spawning Pool  
  96  10:54  Hydralisk Den  
Tags
 
Add a new tag
Caveats
  • Supply blocks, unpowered buildings, or Contaminate may cause inaccurate times.
  • Supply counts are checked every 10 seconds.